Map: Cosmic Sapphire

Players

A.I. 1 (Very Easy)

  • Race: Protoss Protoss
  • Spawn Location: 11:00

LoneGoomba - Winner!

  • Race: Terran Terran
  • League: Silver
  • Spawn Location: 5:00

VOD

Have the link to the VOD?

Description

Time

  • Played on: Sept. 23, 2022, 6:22 p.m.
  • Length: 13:22
Show
View Real Time Build Order
Export as new Build Order

A.I. 1 (Very Easy) Protoss 

Build Orders:  

Get SALT Encoding   

  12  0:00  Probe  
  13  0:13  Probe  
  14  0:19  Pylon  
  14  0:36  Assimilator  
  14  0:42  Gateway  
  14  0:46  Pylon  
  14  1:13  Assimilator  
  14  1:16  Probe  
  14  1:24  Probe  
  15  1:32  Probe  
  16  1:33  Cybernetics Core  
  17  1:42  Probe  
  18  1:54  Probe  
  18  1:59  Warp Gate  
  19  2:03  Probe  
  20  2:09  Stalker  
  22  2:35  Pylon  
  22  2:37  Probe  
  22  2:39  Stalker  
  24  3:09  Zealot  
  26  5:15  Probe  
  26  5:20  Zealot  
  29  5:22  Robotics Facility  
  29  5:23  Probe  
  30  5:31  Pylon  
  30  5:33  Probe  
  31  5:45  Probe  
  32  5:57  Probe  
  33  6:07  Observer  
  33  6:09  Probe  
  35  6:21  Observer  
  36  6:38  Zealot  
  32  6:59  Nexus  
  32  7:35  Stalker  
  34  8:10  Probe  
  35  8:18  Probe  
  36  8:21  Assimilator  
  36  8:22  Probe  
  36  8:24  Assimilator  
  37  8:30  Probe  
  38  8:41  Probe  
  39  8:48  Probe  
  40  8:55  Probe  
  41  9:02  Probe  
  42  9:09  Probe  
  43  9:13  Probe  
  44  9:22  Probe  
  45  9:29  Probe  
  46  9:34  Probe  
  48  9:45  Probe  
  48  10:50  Warp Prism  
  48  10:55  Adept  
  52  10:57  Gateway  
  52  11:00  Robotics Bay  
  52  11:02  Stargate  
  52  11:05  Pylon  
  52  11:14  Warp Prism  
  46  11:19  Adept  
  50  11:43  Sentry  
  52  11:47  Gravitic Boosters, Observer  
  52  11:49  Gateway  
  53  12:07  Stalker  
  55  12:11  Pylon  
  55  12:14  Probe  
  26  12:27  Probe  
  27  12:31  Zealot  
  27  12:34  Pylon  
  27  12:36  Probe  
  27  12:42  Pylon  
Show
View Real Time Build Order
Export as new Build Order

LoneGoomba Terran - Winner!

Build Orders: Reaper Expand 

Get SALT Encoding   

  12  0:00  SCV  
  13  0:12  SCV  
  14  0:17  Supply Depot  
  14  0:24  SCV  
  15  0:38  SCV  
  15  0:40  Barracks  
  16  0:45  Refinery  
  16  0:50  SCV  
  17  1:02  SCV  
  18  1:14  SCV  
  19  1:24  Supply Depot  
  19  1:31  Reaper  
  20  1:34  Orbital Command  
  20  1:57  Command Center  
  20  2:03  Marine  
  21  2:08  Factory  
  21  2:11  SCV  
  22  2:23  SCV  
  22  2:24  Refinery  
  22  2:25  Barracks Tech Lab  
  23  2:35  SCV  
  23  2:47  SCV  
  23  2:50  Stimpack  
  24  2:53  Marine  
  25  2:59  Factory Reactor  
  26  3:05  SCV  
  26  3:11  Marine  
  27  3:17  SCV  
  28  3:23  Starport  
  28  3:24  Orbital Command  
  28  3:29  SCV  
  28  3:34  Marine  
  30  3:37  Hellion x2  
  34  3:43  SCV  
  35  3:55  SCV, Marine  
  37  3:59  Supply Depot  
  37  4:01  Supply Depot  
  37  4:03  Hellion x2  
  37  4:06  Starport Reactor  
  41  4:11  SCV x2  
  43  4:23  SCV x2  
  46  4:25  Refinery x2  
  45  4:35  SCV x2  
  47  4:43  Siege Tank  
  47  4:44  Marine x2  
  52  4:46  Viking x2  
  52  4:47  SCV x2  
  58  4:59  SCV x2  
  60  5:07  Command Center  
  60  5:11  SCV x2  
  62  5:24  Marine  
  62  5:25  SCV  
  62  5:26  Supply Depot  
  62  5:28  Supply Depot  
  62  5:29  Supply Depot  
  62  5:30  SCV, Marine  
  58  5:49  Barracks  
  58  5:51  Marine x2, Barracks  
  58  5:54  Medivac  
  62  6:09  Marine x2  
  62  6:11  SCV  
  65  6:15  Supply Depot x2  
  65  6:19  Siege Tank  
  65  6:21  Supply Depot  
  68  6:27  Marine x2, Medivac x2  
  74  6:40  Orbital Command, SCV  
  74  6:41  SCV  
  74  6:44  Marine  
  74  6:45  Marine  
  77  6:52  SCV  
  77  6:53  SCV  
  79  6:59  Engineering Bay x2  
  79  7:04  Barracks Reactor, Supply Depot  
  79  7:05  SCV x2  
  79  7:07  Supply Depot  
  79  7:08  Barracks Tech Lab x2  
  81  7:10  Marine x2  
  81  7:12  SCV  
  84  7:17  SCV x2  
  86  7:23  Medivac  
  86  7:24  SCV, Medivac  
  86  7:28  Marine x2  
  86  7:29  SCV x2  
  97  7:44  Marauder x2  
  97  7:46  Combat Shield, Concussive Shells  
  99  7:53  Refinery, Marine x2  
  99  7:54  Refinery  
  99  7:55  Siege Tank  
  99  7:57  Medivac  
  106  7:59  Medivac  
  106  8:04  Armory  
  106  8:05  Marine, Marauder  
  110  8:08  Terran Infantry Weapons Level 1  
  110  8:09  Terran Infantry Armor Level 1  
  110  8:10  Marine  
  110  8:11  Marine  
  113  8:16  SCV x3  
  116  8:22  Supply Depot x2  
  116  8:23  Marine  
  116  8:26  Marine  
  118  8:28  SCV x3, Marine  
  118  8:29  Marine  
  123  8:34  Barracks  
  123  8:36  Barracks  
  123  8:39  Barracks  
  123  8:40  SCV  
  123  8:41  SCV x2, Marauder  
  126  8:44  Siege Tank  
  126  8:45  Medivac x2, Marauder  
  126  8:46  Marine x2  
  139  8:52  SCV  
  139  8:53  SCV x2  
  144  9:03  Marauder  
  144  9:04  SCV, Marine  
  144  9:05  SCV x2  
  144  9:06  Marauder  
  150  9:13  Command Center  
  150  9:16  SCV  
  153  9:24  Marauder  
  153  9:26  Supply Depot  
  153  9:27  Marauder, Supply Depot  
  153  9:28  Refinery  
  153  9:30  Barracks Tech Lab, Barracks Reactor x2  
  155  9:31  Refinery  
  155  9:32  Marine x2  
  155  9:34  Medivac x2  
  155  9:36  Siege Tank  
  166  9:45  Marauder  
  166  9:49  Marine, Marauder  
  166  9:50  Marine  
  170  9:59  Supply Depot x2  
  170  10:02  Marauder  
  170  10:04  Terran Infantry Weapons Level 2, Terran Infantry Armor Level 2  
  174  10:07  Marine, Marauder  
  174  10:08  Marine, Medivac x2, Siege Tank  
  174  10:10  Marauder  
  185  10:23  Marauder  
  185  10:24  Factory  
  185  10:25  Factory, Marine  
  185  10:26  Marine  
  191  10:28  Marauder  
  191  10:31  Marine  
  191  10:35  Planetary Fortress, Starport  
  192  10:36  Marine  
  192  10:37  Marine  
  192  10:38  Medivac x2, Starport  
  198  10:45  Marauder  
  200  11:47  Factory Tech Lab  
  200  11:48  Factory Tech Lab  
  200  11:51  Starport Tech Lab x2  
Tags
 
Add a new tag
Caveats
  • Supply blocks, unpowered buildings, or Contaminate may cause inaccurate times.
  • Supply counts are checked every 10 seconds.